 Dungeon Crawl Stone Soup version 0.31-a0-236-g9a0961fb85 (webtiles) character file.

Game seed: 14366344412886948476

68 qw the Shooter (level 4, -2/26 HPs)
             Began as a Gargoyle Hexslinger on July 10, 2023.
             Slain by Duvessa
             ... wielding a +0 short sword
              (6 damage)
             ... on level 5 of the Dungeon.
             The game lasted 00:00:36 (1230 turns).

qw the Shooter (Gargoyle Hexslinger)                Turns: 1230, Time: 00:00:37

Health: -2/26      AC: 12    Str: 12    XL:     4   Next: 19%
Magic:  5/5        EV: 10    Int: 13    God:
Gold:   116        SH:  0    Dex: 14    Spells: 4/5 levels left

rFire   . . .        Y - +1 sling (freeze)
rCold   . . .        (no shield)
rNeg    + . .        b - +0 ring mail
rPois   inf          e - +0 helmet
rElec   +            i - +0 cloak
rCorr   .            m - +0 pair of gloves
SInv    .            k - +0 pair of boots
Will    .....        (no amulet)
Stlth   +            (no ring)
HPRegen 0.24/turn    (no ring)
MPRegen 0.09/turn

%: no passive effects
@: no status effects
A: sickness immunity, AC +3, negative energy resistance 1, electricity
resistance, torment resistance 1, petrification resistance
a: no special abilities


You were on level 5 of the Dungeon.
You visited 1 branch of the dungeon, and saw 4 of its levels.

You collected 116 gold pieces.


Innate Abilities, Weirdness & Mutations

You are immune to sickness and miasma.
Your stone body is resilient. (AC +3)
You are immune to poison.
You resist negative energy. (rN+)
You are resistant to electric shocks. (rElec)
You are resistant to unholy torment.
You are immune to petrification.


   Skills:
 - Level 2.0 Fighting
 - Level 4.0 Ranged Weapons
 + Level 0.1 Armour
 - Level 1.5 Dodging
 - Level 1.0 Spellcasting
 - Level 2.6 Hexes


You had 4 spell levels left.
You knew the following spells:

 Your Spells              Type           Power      Damage    Failure   Level
a - Slow                  Hex            28%        N/A       22%         1

Your spell library contained the following spells:

 Spells                   Type           Power      Damage    Failure   Level
 Inner Flame              Hex/Fire       4%         N/A       73%         3
 Portal Projectile        Hex/Tloc       8%         N/A       73%         3
 Cause Fear               Hex            3%         N/A       91%         4

Inventory:

Hand Weapons
 Y - a +1 sling of freezing (weapon)
Armour
 b - a +0 ring mail (worn)
 e - a +0 helmet (worn)
 i - a +0 cloak (worn)
 k - a +0 pair of boots (worn)
 m - a +0 pair of gloves (worn)
Scrolls
 a - a scroll of identify
Potions
 h - a potion of berserk rage {unknown}

Dungeon Overview and Level Annotations

Branches:
Dungeon (5/15)
 Temple: D:4-7

Altars:

Annotations:
D:5 Dowan, Duvessa


Message History

Dowan is lightly wounded.
You shoot a sling bullet. The sling bullet closely misses Dowan.
You shoot a sling bullet.
The sling bullet hits Duvessa but does no damage.
You shoot a sling bullet. The sling bullet barely misses Duvessa.
The sling bullet hits Dowan.
The sling bullet freezes Dowan.
Dowan is moderately wounded.
Duvessa barely misses you.
You shoot a sling bullet. The sling bullet hits Duvessa.
The sling bullet freezes Duvessa.
Duvessa is lightly wounded.
Duvessa hits you with a +0 short sword.
Dowan casts a spell at Duvessa.
Duvessa seems to speed up.
You shoot a sling bullet. The sling bullet hits Dowan.
The sling bullet freezes Dowan.
Dowan is moderately wounded.
Duvessa hits you with a +0 short sword. Dowan barely misses you.
Duvessa hits you with a +0 short sword.
You shoot a sling bullet. The sling bullet closely misses Dowan.
Duvessa hits you but does no damage. Dowan hits you but does no damage.
You shoot a sling bullet. The sling bullet barely misses Dowan.
Duvessa barely misses you. Duvessa hits you with a +0 short sword.
Dowan hits you but does no damage.
You shoot a sling bullet. The sling bullet hits Dowan.
The sling bullet freezes Dowan.
Dowan is heavily wounded.
Duvessa closely misses you. Dowan gestures at you while chanting.
The puff of flame hits you. Duvessa hits you with a +0 short sword.
Dowan hits you but does no damage.
You shoot a sling bullet. The sling bullet closely misses Dowan.
Duvessa hits you but does no damage. Duvessa hits you with a +0 short sword.
Dowan mumbles some strange words.
Dowan blinks!
Duvessa closely misses you.
You shoot a sling bullet. The sling bullet hits Duvessa.
The sling bullet freezes Duvessa.
Duvessa is moderately wounded.
Duvessa hits you but does no damage. Duvessa hits you with a +0 short sword.
You die...

#### .....
....$.##########
......'@.......#
..e...#e######.#
..... #.# ....
#.# ... #.# ..
#.# . #.# #.#
#.#


You could see Duvessa (fast) and Dowan.

Vanquished Creatures
  2 adders (D:2)
  2 dart slugs
  8 endoplasms
  2 giant cockroaches (D:1)
  5 goblins
  6 hobgoblins
  5 ball pythons
  A bat (D:2)
  2 frilled lizards (D:2)
  6 kobolds
  2 rats (D:1)
41 creatures vanquished.

Notes
Turn   | Place    | Note
-------+----------+-------------------------------------------
     0 | D:1      | qw the Gargoyle Hexslinger began the quest for the Orb.
     0 | D:1      | Reached XP level 1. HP: 12/12 MP: 2/2
     0 | D:1      | 0 ||| qw: Version: 0.3-a-52-g30416fa
     0 | D:1      | 0 ||| qw: Game counter: 4778
     0 | D:1      | 0 ||| qw: Melee chars always use a shield: true
     0 | D:1      | 0 ||| qw: God list: Okawaru
     0 | D:1      | 0 ||| qw: Allow faded altars: false
     0 | D:1      | 0 ||| qw: Do Orc after clearing Dungeon:15 true
     0 | D:1      | 0 ||| qw: Do second Lair branch before Depths: true
     0 | D:1      | 0 ||| qw: Lair rune preference: random
     0 | D:1      | 0 ||| qw: Goals: Normal
     0 | D:1      | 0 ||| PLANNING D:1-11
   169 | D:1      | Reached XP level 2. HP: 12/16 MP: 3/3
   279 | D:1      | Found a faded altar of an unknown god.
   291 | D:1      | Reached skill level 3 in Ranged Weapons
   432 | D:1      | Reached XP level 3. HP: 21/21 MP: 4/4
   584 | D:1      | 584 ||| DROPPING +0 hat of intelligence.
   585 | D:1      | 585 ||| UPGRADING to +0 cloak.
   590 | D:1      | 590 ||| UPGRADING to +0 pair of boots.
   595 | D:1      | 595 ||| UPGRADING to +0 pair of gloves.
   600 | D:1      | 600 ||| READING 2 scrolls labelled ZASOARR ROEG.
   601 | D:1      | 601 ||| READING 2 scrolls labelled MORPHU IHOSHRIR.
   602 | D:1      | 602 ||| READING 2 scrolls labelled MOTHRU NESIKH.
   603 | D:1      | 603 ||| READING scroll labelled HITA FEUTU.
   604 | D:1      | 604 ||| DROPPING scroll of poison.
   605 | D:1      | 605 ||| DROPPING scroll of amnesia.
   606 | D:1      | 606 ||| DROPPING scroll of vulnerability.
   784 | D:2      | Reached XP level 4. HP: 26/26 MP: 5/5
  1011 | D:2      | Reached skill level 4 in Ranged Weapons
  1111 | D:2      | 1111 ||| UPGRADING to +0 ring mail.
  1121 | D:2      | 1121 ||| DROPPING +0 robe.
  1122 | D:2      | 1122 ||| UPGRADING to +0 helmet.
  1127 | D:2      | 1127 ||| READING scroll labelled NATETUEJOP.
  1128 | D:2      | 1128 ||| READING scroll labelled CAFAUN RATECSISE.
  1129 | D:2      | 1129 ||| DRINKING 3 fuming green potions.
  1172 | D:2      | 1172 ||| READING 2 scrolls of identify.
  1172 | D:2      | 1172 ||| IDENTIFYING viscous puce potion
  1173 | D:2      | 1173 ||| DROPPING potion of attraction.
  1174 | D:2      | 1174 ||| DROPPING 2 potions of lignification.
  1211 | D:3      | You fall into a shaft and drop 2 floors!
  1211 | D:5      | Entered Level 5 of the Dungeon
  1218 | D:5      | Noticed Duvessa
  1218 | D:5      | Noticed Dowan
  1228 | D:5      | HP: 5/26 [Duvessa/+0 short sword (5)]
  1230 | D:5      | Slain by Duvessa

Levels and vault maps discovered:
D:1:      dpeg_arrival_tiny_d, layout_basic,
          shapermc_ecumenical_altar_starsandcircs
D:2:      layout_rooms
D:3:      layout_loops_ring, amethyst_overflow_temple_binary, serial_shops,
          nicolae_shop_tiny_statue_garden
D:5:      layout_basic, minmay_temple_entry_ruins, uniq_duvessa, uniq_grinder

Skill      XL: |  1  2  3  4 |
---------------+-------------+-----
Ranged Weapons | 3 4 |  4.0
Fighting       | 2 |  2.0
Armour         | |  0.1
Dodging        | |  1.5
Spellcasting   | |  1.0
Hexes          | |  2.6

Action                     |  1- 3 |  4- 6 || total
---------------------------+-------+-------++-------
   Fire: Sling             |   117 |    20 ||   137
    Use: Scroll            |     4 |     3 ||     7
         Potion            |       |     1 ||     1
 Armour: Robe              |    16 |     2 ||    18
         Ring mail         |       |     6 ||     6
  Dodge: Dodged            |    24 |     7 ||    31

Table legend:
 A = Non-vault XP
 B = Vault XP
 C = Vault XP percentage of total XP
 D = Non-vault monster count
 E = Vault monster count
 F = Vault count percentage of total count
                 A         B        C        D         E       F
            +---------+---------+-------+---------+---------+-------
      Total |      98 |       0 |   0.0 |      41 |       0 |   0.0
            +---------+---------+-------+---------+---------+-------
        D:1 |      44 |       0 |   0.0 |      24 |       0 |   0.0
        D:2 |      52 |       0 |   0.0 |      16 |       0 |   0.0
        D:3 |       2 |       0 |   0.0 |       1 |       0 |   0.0
            +---------+---------+-------+---------+---------+-------
